 Dungeon Crawl Stone Soup version 0.26-a0-20-g5f92b90 (webtiles) character file.

Game seed: 14788742877749557818, levelgen mode: deterministic

1294 BlueFish the Ruffian (level 8, -4/54 HPs)
             Began as an Octopode Warper on May 25, 2020.
             Slain by a phantom (5 damage)
             ... on level 6 of the Dungeon.
             The game lasted 00:22:11 (6116 turns).

BlueFish the Ruffian (Octopode Warper)              Turns: 6116, Time: 00:22:11

Health: -4/54      AC:  1    Str: 12    XL:     8   Next: 56%
Magic:  10/12      EV: 15    Int: 16    God:
Gold:   202        SH:  0    Dex: 17    Spells: 2/13 levels left

rFire    . . .     SeeInvis .     - Unarmed
rCold    . . .     Gourm    .   (no shield)
rNeg     . . .     Faith    .   (helmet restricted)
rPois    +         Spirit   .   n - amulet of magic regeneration
rElec    .         Reflect  .   p - ring of flight
rCorr    .         Harm     .   l - +6 ring of dexterity
MR       .....                  s - ring of poison resistance
Stlth    ++++......             (no ring)
HPRegen  0.18/turn              (no ring)
MPRegen  0.38/turn              (no ring)
                                (no ring)
                                (no ring)

@: very slightly contaminated, lightly drained
A: almost no armour, stealthy swim, amphibious, 8 rings, constrict 8, camouflage
1, gelatinous body 1
a: Evoke Flight


You were on level 6 of the Dungeon.
You were not hungry.

You visited 1 branch of the dungeon, and saw 6 of its levels.

You collected 202 gold pieces.

Inventory:

Missiles
 c - 5 boomerangs of dispersal
 e - 60 arrows
 g - 78 stones (quivered)
 h - 27 poisoned darts
 q - 2 atropa-tipped darts
 r - 6 boomerangs
 w - a throwing net
Armour
 m - the +4 skin of Zhor {Englaciate rC+++ SInv}
   (You found it on level 6 of the Dungeon)

   It renders you almost immune to cold.
   It lets you see invisible.
Jewellery
 l - a +6 ring of dexterity (right tentacle)
 n - an amulet of magic regeneration (around mantle)
 p - a ring of flight (left tentacle)
 s - a ring of poison resistance (on tentacle)
Wands
 b - a wand of clouds (1)
 o - a wand of random effects (17)
Scrolls
 a - a scroll of identify
 j - a scroll of enchant armour
 x - a scroll of remove curse
Potions
 f - a potion of lignification
 i - 3 potions of mutation
 k - 2 potions of berserk rage
 t - a potion of stabbing
 u - a potion of curing
Comestibles
 d - 6 rations
 v - 5 chunks of flesh


   Skills:
 * Level 3.8(3.3) Fighting
 * Level 3.4(3.0) Throwing
 * Level 4.1(3.6) Dodging
 * Level 5.5(5.1) Stealth
 * Level 5.7(5.3) Unarmed Combat
 + Level 3.0(2.6) Spellcasting
 + Level 1.7(1.3) Charms
 * Level 4.0(3.5) Translocations
 * Level 1.1(0.7) Transmutations


You had 2 spell levels left.
You knew the following spells:

 Your Spells              Type           Power        Failure   Level  Hunger
a - Shroud of Golubria    Chrm/Tloc      #.....       11%         2    ##.....
b - Blink                 Tloc           N/A          7%          2    ##.....
c - Lesser Beckoning      Tloc           ##........   14%         3    ###....
d - Teleport Other        Tloc           ##......     14%         3    ###....
e - Beastly Appendage     Tmut           #.....       14%         1    #......

Your spell library contained the following spells:

 Spells                   Type           Power        Failure   Level  Hunger
 Sticks to Snakes         Tmut           #.......     22%         2    ##.....
 Gell's Gravitas          Tloc           ##........   14%         3    ###....
 Passage of Golubria      Tloc           N/A          41%         4    #####..
 Spider Form              Tmut/Pois      #.........   45%         3    ###....
 Ice Form                 Ice/Tmut       #.......     86%         4    #####..
 Blade Hands              Tmut           #.........   98%         5    ######.


Dungeon Overview and Level Annotations

Branches:
Dungeon (6/15)
 Temple: D:4-7

Altars:
Ashenzari
Elyvilon
Fedhas
Wu Jian
Xom

Annotations:
D:3 2 runed translucent doors, bande's ghost, amateur GrFi
D:5 Pikel


Innate Abilities, Weirdness & Mutations

You cannot wear most types of armour.
You are very stealthy in the water. (Stealth+)
You are amphibious.
You can wear up to eight rings at the same time.
You can use your tentacles to constrict eight enemies at once.
Your skin changes colour to match your surroundings (Stealth+).
Your rubbery body absorbs attacks. (AC +1, EV +1)


Message History

The phantom is heavily damaged.
Throwing (i - inventory. (/) - cycle)
g - 79 stones (quivered)
Press: ? - help, Shift-Dir - straight line, f/p - phantom
Aim: a phantom (heavily damaged)
You throw a stone.
The stone hits the phantom but does no damage.
The phantom is heavily damaged.
You barely miss the phantom.
The phantom is heavily damaged.
The phantom hits you.
* * * LOW HITPOINT WARNING * * *
Your shroud falls apart!
Casting: Shroud of Golubria (safe; 11% risk of failure)
Confirm with . or Enter, or press ? or * to list all spells.
You miscast Shroud of Golubria.
You are very lightly contaminated with residual magic.
Nothing appears to happen.
The phantom hits you.
* * * LOW HITPOINT WARNING * * *
The phantom hits you.
You die...

### #.. #.# #(#
##### ##(####
...(((##...(.#
#..(.@W(((#
##.##รท.###.# #
#..# #.# #..# #.# #
#..# #.# .#
##.##.(###.####..#
........(..a......#
#######............
#...............


You could see a phantom.

Vanquished Creatures
  Grinder (D:3)
  3 slaves (D:5)
  An ice beast (D:5)
  2 scorpions
  A wight (D:6)
  A howler monkey (D:4)
  2 crimson imps
  A centaur skeleton (D:5)
  2 hounds
  3 orc priests (D:4)
  3 orc wizards
  Crazy Yiuf (D:3)
  An iguana (D:6)
  Ijyb (D:4)
  Terence (D:3)
  4 worker ants
  A killer bee zombie (D:6)
  A howler monkey zombie (D:5)
  10 gnolls
  7 adders
  An ooze (D:4)
  2 dart slugs
  5 leopard geckos
  10 orcs
  A ball python (D:3)
  11 bats
  6 giant cockroaches
  6 goblins
  8 hobgoblins
  4 jackals (D:4)
  3 quokkas
  4 frilled lizards
  A giant cockroach zombie (D:6)
  9 kobolds
  14 rats
132 creatures vanquished.

Vanquished Creatures (others)
  A black bear (D:6)
  A big kobold (D:6)
  2 kobolds (D:6)
4 creatures vanquished.

Grand Total: 136 creatures vanquished

Notes
Turn   | Place    | Note
-------+----------+-------------------------------------------
     0 | D:1      | BlueFish the Octopode Warper began the quest for the Orb.
     0 | D:1      | Reached XP level 1. HP: 14/14 MP: 3/3
   284 | D:1      | Reached XP level 2. HP: 19/19 MP: 5/5
   302 | D:1      | Learned a level 2 spell: Shroud of Golubria
   305 | D:1      | Learned a level 2 spell: Blink
   861 | D:2      | Reached XP level 3. HP: 15/24 MP: 3/6
  1048 | D:2      | Reached skill level 1 in Stealth
  1132 | D:2      | Reached XP level 4. HP: 20/29 MP: 5/7
  1785 | D:3      | Found a blossoming altar of Fedhas.
  1785 | D:3      | Found a shattered altar of Ashenzari.
  1801 | D:3      | Noticed Terence
  1925 | D:3      | Reached XP level 5. HP: 32/35 MP: 6/8
  1938 | D:3      | Learned a level 3 spell: Lesser Beckoning
  1977 | D:3      | Found a runed translucent door.
  1978 | D:3      | Noticed bande's ghost (amateur GrFi)
  2034 | D:3      | Killed Terence
  2086 | D:3      | Found an ornate altar of the Wu Jian Council.
  2189 | D:3      | Noticed Grinder
  2205 | D:3      | Killed Grinder
  2205 | D:3      | Reached XP level 6. HP: 13/41 MP: 6/9
  2553 | D:3      | Reached XP level 7. HP: 12/46 MP: 10/10
  2886 | D:3      | Found a runed translucent door.
  2887 | D:3      | Noticed Crazy Yiuf
  2896 | D:3      | Killed Crazy Yiuf
  3038 | D:3      | Found a runed translucent door.
  3286 | D:4      | Found a white marble altar of Elyvilon.
  3337 | D:4      | Reached skill level 1 in Charms
  3346 | D:4      | Learned a level 3 spell: Teleport Other
  3390 | D:4      | Noticed Ijyb
  4286 | D:4      | Killed Ijyb
  4286 | D:4      | Reached skill level 5 in Unarmed Combat
  4382 | D:4      | Found a shimmering altar of Xom.
  4493 | D:4      | Reached XP level 8. HP: 40/52 MP: 12/12
  4497 | D:4      | Learned a level 1 spell: Beastly Appendage
  4546 | D:5      | Entered Level 5 of the Dungeon
  4624 | D:5      | Reached skill level 5 in Stealth
  5314 | D:5      | Noticed Pikel
  5950 | D:6      | Reached skill level 1 in Transmutations
  5958 | D:6      | Found the +4 skin of Zhor {Englaciate rC+++ SInv}
  5994 | D:6      | HP: 2/54 [killer bee zombie (7)]
  6115 | D:6      | HP: 1/54 [phantom (6)]
  6116 | D:6      | Slain by a phantom

Illustrated notes

Levels and vault maps discovered:
D:1:      noname_arrival_rooms_in_the_neighbourhood, layout_loops_cross,
          minmay_pentomino_q4
D:2:      layout_loops_ring, first_ration
D:3:      layout_loops_ring, grunt_temple_overflow_open, ebering_ghost_sewer_f,
          uniq_terence, uniq_crazy_yiuf_cottage, uniq_grinder
D:4:      layout_basic, old_standard_altar, xom_teletrap_fun, uniq_ijyb
D:5:      layout_loops_ring, uniq_pikel
D:6:      layout_loops_ring, palyth_temple_overflow_mages,
          chequers_temple_overflow_statue_of_worship, lemuel_temple_firewalk_a,
          uniq_maggie, uniq_duvessa

Skill      XL: |  1  2  3  4  5  6  7  8 |
---------------+-------------------------+-----
Stealth        | 2 3 4 5 |  5.5
Throwing       | 2 3 |  3.4
Unarmed Combat | 3 4 5 |  5.7
Dodging        | 3 4 |  4.1
Fighting       | 3 |  3.8
Charms         | 1 |  1.7
Transmutations | 1 |  1.1
Spellcasting   | 3 |  3.0
Translocations | 4 |  4.0

Action                   |  1- 3 |  4- 6 |  7- 9 || total
-------------------------+-------+-------+-------++-------
Melee: Unarmed           |    68 |   119 |   206 ||   393
       Constrict         |    20 |    32 |    46 ||    98
       Tentacles         |    12 |    28 |    45 ||    85
       Punch             |     1 |     2 |    10 ||    13
Throw: Stone             |       |       |    15 ||    15
 Cast: Shroud of Golubri |     2 |    13 |    40 ||    55
       Blink             |       |       |     1 ||     1
  Use: Scroll            |     7 |     3 |     6 ||    16
       Potion            |     1 |     1 |     2 ||     4
 Stab: Sleeping          |    11 |     4 |    11 ||    26
  Eat: Chunk             |     1 |     5 |    14 ||    20
Armor: Skin              |     2 |     8 |    10 ||    20
Dodge: Dodged            |    46 |    66 |   135 ||   247

Table legend:
 A = Non-vault XP
 B = Vault XP
 C = Vault XP percentage of total XP
 D = Non-vault monster count
 E = Vault monster count
 F = Vault count percentage of total count
                 A         B        C        D         E       F
            +---------+---------+-------+---------+---------+-------
      Total |    1456 |     393 |  21.3 |     121 |       8 |   6.2
            +---------+---------+-------+---------+---------+-------
        D:1 |      27 |       5 |  15.6 |      16 |       4 |  20.0
        D:2 |      86 |       0 |   0.0 |      30 |       0 |   0.0
        D:3 |     219 |     352 |  61.6 |      30 |       3 |   9.1
        D:4 |     476 |      36 |   7.0 |      25 |       1 |   3.8
        D:5 |     355 |       0 |   0.0 |      11 |       0 |   0.0
        D:6 |     293 |       0 |   0.0 |       9 |       0 |   0.0
            +---------+---------+-------+---------+---------+-------
